 Dungeon Crawl Stone Soup version 0.28-a0-1404-g4df0f3684d (webtiles) character file.

Game seed: 11807022590230904461

96 HallandMoats the Skirmisher (level 4, -3/38 HPs)
             Began as a Ghoul Abyssal Knight on Jan 6, 2022.
             Was a Believer of Lugonu.
             Slain by a phantom (5 damage)
             ... on level 3 of the Dungeon.
             The game lasted 00:02:26 (2622 turns).

HallandMoats the Skirmisher (Ghoul Abyssal Knight)  Turns: 2622, Time: 00:02:26

Health: -3/38      AC:  7    Str: 16    XL:     4   Next: 67%
Magic:  5/5        EV: 11    Int:  5    God:    Lugonu [**....]
Gold:   214        SH:  0    Dex: 11    Spells: 3/3 levels left

rFire   . . .      SeeInvis .   a - +1 hand axe
rCold   + . .      Faith    .   (no shield)
rNeg    + + +      Spirit   .   b - +0 leather armour
rPois   ∞          Reflect  .   (no helmet)
rElec   .          Harm     .   (no cloak)
rCorr   .          Rampage  .   (no gloves)
Will    .....                   (no boots)
Stlth   +.........              (no amulet)
HPRegen 0.00/turn               e - +4 ring of protection
MPRegen 0.09/turn               (no ring)

@: inhibited regen
A: claws 1, cold resistance 1, negative energy resistance 3, inhibited
regeneration, torment resistance 2
a: Renounce Religion, Depart the Abyss, Bend Space


You were on level 3 of the Dungeon.
You worshipped Lugonu.
Lugonu was pleased with you.
You visited 1 branch of the dungeon, and saw 3 of its levels.
You visited the Abyss 1 time.

You collected 214 gold pieces.

Inventory:

Hand Weapons
 a - a +1 hand axe (weapon)
 c - a +1 whip of draining
Armour
 b - a +0 leather armour (worn)
Jewellery
 e - a +4 ring of protection (left claw)
Scrolls
 f - 5 scrolls of identify
 i - a scroll of amnesia {unknown}
 k - a scroll of fear {unknown}
 l - a scroll of holy word {unknown}
 m - a scroll of enchant armour {unknown}
Potions
 d - a potion of curing
 g - 2 potions of might {unknown}
 h - 2 potions of degeneration {unknown}
 j - a potion of flight {unknown}


   Skills:
 + Level 3.5 Fighting
 * Level 2.5 Axes
 * Level 2.4 Armour
 * Level 2.0 Dodging
 * Level 3.0 Invocations


You had 3 spell levels left.
You didn't know any spells.
Your spell library contained the following spells:

 Spells                   Type           Power      Damage    Failure   Level
 Gell's Gravitas          Tloc           0%         N/A       88%         3
 Teleport Other           Tloc           0%         N/A       88%         3
 Dispersal                Tloc           0%         N/A       100%        6


Dungeon Overview and Level Annotations

Branches:
Dungeon (3/15)

Altars:

Shops:
D:2 *


Innate Abilities, Weirdness & Mutations

You thrive by killing the living.
You are immune to poison.
You have sharp fingernails.
Your flesh is cold resistant. (rC+)
You are immune to negative energy. (rN+++)
You do not regenerate when monsters are visible.
You are immune to unholy pain and torment.


Message History

You are too injured to fight recklessly!
Unknown command.
You are too injured to fight recklessly!
Unknown command.
You are too injured to fight recklessly!
You barely miss the phantom.
The phantom is heavily damaged.
The phantom hits you!
* * * LOW HITPOINT WARNING * * *
The phantom blinks!
You blink.
Found a dagger.
You barely miss the phantom.
The phantom is heavily damaged.
The phantom misses you.
You barely miss the phantom.
The phantom is heavily damaged.
The phantom hits you.
* * * LOW HITPOINT WARNING * * *
You slash the phantom!
The phantom is almost destroyed.
The phantom hits you but does no damage. x2
You barely miss the phantom.
The phantom is almost destroyed.
The phantom closely misses you.
You closely miss the phantom.
The phantom is almost destroyed.
The phantom hits you.
* * * LOW HITPOINT WARNING * * *
You hit the phantom.
The phantom is almost destroyed.
The phantom barely misses you.
You closely miss the phantom.
The phantom is almost destroyed.
The phantom hits you but does no damage.
You barely miss the phantom.
The phantom is almost destroyed.
The phantom closely misses you.
You hit the phantom.
The phantom is almost destroyed.
The phantom hits you.
You die...

###########
#...).@W..#
#.#######.#
#.#
#####.#######
#........l...
# #.### #≈
#...# #≈
#.#.... #≈
....#### #≈


You could see a phantom.

Vanquished Creatures
  2 adders
  3 worms
  A dart slug (D:1)
  8 ball pythons
  2 endoplasms
  3 giant cockroaches (D:2)
  10 goblins
  10 hobgoblins
  7 jackals
  3 kobolds
  2 quokkas
  2 bats (D:2)
  2 frilled lizards
  7 rats
62 creatures vanquished.

Notes
Turn   | Place    | Note
-------+----------+-------------------------------------------
     0 | Abyss:1  | HallandMoats the Ghoul Abyssal Knight began the quest for
                  | the Orb.
     0 | Abyss:1  | Reached XP level 1. HP: 19/19 MP: 1/1
   101 | Abyss:2  | Noticed a green death
   114 | Abyss:3  | Noticed a sixfirhy
   114 | Abyss:3  | Noticed a shard shrike zombie
   115 | D:1      | Escaped the Abyss
   288 | D:1      | Reached skill level 1 in Dodging
   327 | D:1      | Reached XP level 2. HP: 24/26 MP: 2/2
   673 | D:1      | Reached * piety under Lugonu
   765 | D:1      | Found a faded altar of an unknown god.
   806 | D:1      | Reached XP level 3. HP: 24/31 MP: 3/3
  1291 | D:2      | Found Verul's General Store.
  1477 | D:2      | Reached XP level 4. HP: 37/38 MP: 5/5
  1925 | D:3      | Reached ** piety under Lugonu
  2593 | D:3      | Noticed a phantom
  2622 | D:3      | Slain by a phantom

Illustrated notes

Levels and vault maps discovered:
D:1:      eino_arrival_cavern_a, layout_basic, shapermc_ecumenical_altar_venn
D:2:      layout_basic, serial_shops, nicolae_diamond_shop, minmay_pentomino_q2
D:3:      layout_loops_ring, serial_rivers, chequers_serial_rivers_small_b,
          chequers_serial_rivers_marsh, chequers_serial_rivers_large_a,
          chequers_serial_rivers_micro_a, chequers_serial_rivers_room_b

Skill      XL: |  1  2  3  4 |
---------------+-------------+-----
Dodging        | 1 2 |  2.0
Armour         | 2 |  2.4
Axes           | 2 |  2.5
Invocations    | 3 |  3.0
Fighting       | |  3.5

Action                   |  1- 3 |  4- 6 || total
-------------------------+-------+-------++-------
Melee: Hand axe          |    93 |    93 ||   186
       Punch             |     2 |     1 ||     3
Invok: Depart the Abyss  |     1 |       ||     1
  Use: Scroll            |     1 |       ||     1
Armor: Leather armour    |    41 |    42 ||    83
Dodge: Dodged            |    72 |    63 ||   135

Table legend: (Time is in decaauts)
 A = Elapsed time spent in this place.
 B = Non-inter-level travel time spent in this place.
 C = Inter-level travel time spent in this place.
 D = Time resting spent in this place.
 E = Time spent auto-exploring this place.
 F = Levels seen in this place.
 G = Mean time per level.
                   A        B        C        D        E       F      G
               +--------+--------+--------+--------+--------+-----+--------+
         Total |   2668 |   2636 |     32 |    127 |   2043 |   6 |  444.7 |
       Dungeon |   2554 |   2522 |     32 |    127 |   2006 |   3 |  851.3 |
         Abyss |    114 |    114 |      0 |      0 |     37 |   3 |   38.0 |
               +--------+--------+--------+--------+--------+-----+--------+

Top non-repeatable levels by time:
     D:1: 981 daAuts
     D:3: 827 daAuts
     D:2: 745 daAuts
 Abyss:1: 70 daAuts
 Abyss:2: 43 daAuts
 Abyss:3: 0 daAuts
